 Dungeon Crawl Stone Soup version 0.17-a0-1020-ge683cc4 (console) character file.

35495 Garrluk the Bludgeoner (level 13, -2/158 HPs)
             Began as an Ogre Fighter on May 17, 2015.
             Was a High Priest of Okawaru.
             Slain by Snorg (15 damage)
             ... on level 12 of the Dungeon.
             The game lasted 00:59:58 (19413 turns).

Garrluk the Bludgeoner (Ogre Fighter)              Turns: 19413, Time: 00:59:58

Health: -2/158     AC:  5    Str: 24    XL:     13   Next: 84%
Magic:  0/24       EV: 10    Int: 11    God:    Okawaru [*****.]
Gold:   957        SH: 11    Dex:  9    Spells: 3 memorised, 21 levels left

rFire  . . .     SeeInvis +     D - +2 morningstar
rCold  . . .     Clarity  .     t - +0 robe
rNeg   . . .     SustAb   .     c - +1 shield
rPois  +         Gourm    .     (helmet restricted)
rElec  .         Spirit   +     R - +2 cloak {+Inv}
rCorr  .         Warding  .     (gloves unavailable)
rMut   .         Stasis   .     (boots unavailable)
MR     +....                    x - amulet of guardian spirit
Stlth  +.........               m - ring of poison resistance
                                G - ring of see invisible

@: somewhat resistant to hostile enchantments, very unstealthy
A: unfitting armour, blurry vision 1, breathe flames 1, deformed body, robust 1,
tough skin 1
a: Heroism, Finesse, Renounce Religion, Breathe Fire, Evoke Invisibility


You were on level 12 of the Dungeon.
You worshipped Okawaru.
Okawaru was extremely pleased with you.
You were not hungry.

You visited 3 branches of the dungeon, and saw 19 of its levels.
You also visited: Ossuary.

You collected 957 gold pieces.

Notes
Turn   | Place    | Note
--------------------------------------------------------------
     0 | D:1      | Garrluk the Ogre Fighter began the quest for the Orb.
     0 | D:1      | Reached XP level 1. HP: 24/24 MP: 1/1
    60 | D:1      | Reached XP level 2. HP: 24/32 MP: 2/2
   130 | D:1      | Reached skill level 1 in Throwing
   428 | D:1      | Reached XP level 3. HP: 39/39 MP: 3/3
  1291 | D:2      | Reached XP level 4. HP: 43/48 MP: 4/4
  1485 | D:3      | Reached skill level 5 in Maces & Flails
  1724 | D:3      | Noticed Grinder
  1817 | D:3      | Killed Grinder
  1817 | D:3      | Reached skill level 7 in Maces & Flails
  1817 | D:3      | Reached XP level 5. HP: 20/54 MP: 2/5
  1817 | D:3      | Reached XP level 6. HP: 22/62 MP: 2/6
  1934 | D:3      | Noticed Sigmund
  2095 | D:3      | Killed Sigmund
  2095 | D:3      | Reached skill level 8 in Maces & Flails
  2095 | D:3      | Reached XP level 7. HP: 54/70 MP: 5/7
  2130 | D:3      | Noticed Terence
  2142 | D:3      | Killed Terence
  2467 | D:4      | Found a staircase to the Ecumenical Temple.
  2469 | D:4      | Noticed Natasha
  3344 | D:4      | Found an ancient bone altar of Kikubaaqudgha.
  3347 | D:4      | Found a shattered altar of Ashenzari.
  3349 | D:4      | Found a shimmering altar of Xom.
  3450 | D:4      | Reached skill level 9 in Maces & Flails
  3450 | D:4      | Reached skill level 5 in Throwing
  3455 | Temple   | Entered the Ecumenical Temple
  3718 | D:4      | Killed Natasha
  3721 | D:4      | Noticed Natasha
  3731 | D:4      | Killed Natasha
  3750 | D:4      | Noticed Natasha
  3754 | D:4      | Killed Natasha
  3878 | D:5      | Entered Level 5 of the Dungeon
  3981 | D:5      | Noticed Eustachio
  4255 | D:5      | Reached XP level 8. HP: 79/79 MP: 8/8
  4350 | D:5      | Killed Eustachio
  4350 | D:5      | Reached skill level 5 in Fighting
  4399 | D:5      | Reached skill level 10 in Maces & Flails
  4438 | D:5      | Found a shadowy altar of Dithmenos.
  4556 | D:5      | Noticed a moth of wrath
  4559 | D:5      | Found a bloodstained altar of Trog.
  5096 | D:6      | Reached skill level 11 in Maces & Flails
  5495 | D:6      | Reached XP level 9. HP: 75/90 MP: 6/9
  5725 | D:6      | Found a sparkling altar of Nemelex Xobeh.
  6000 | D:7      | Noticed Garrluk's ghost (experienced DEFE)
  6003 | D:7      | Found an iron altar of Okawaru.
  6004 | D:7      | Found a basalt altar of Yredelemnul.
  6004 | D:7      | Found a sacrificial altar of Ru.
  6303 | D:7      | Found a burning altar of Makhleb.
  6304 | D:7      | Noticed a cacodemon
  6308 | D:7      | Found a glowing silver altar of Zin.
  6308 | D:7      | Noticed an angel
  6319 | D:7      | Reached skill level 12 in Maces & Flails
  6361 | D:7      | Noticed Pikel
  6378 | D:7      | Killed Pikel
  6473 | D:7      | Found a sand-covered staircase.
  6536 | Ossuary  | Entered an ossuary
  6541 | Ossuary  | Reached skill level 13 in Maces & Flails
  6550 | Ossuary  | Gained mutation: You are robust (+10% HP). [potion of beneficial mutation]
  7013 | D:7      | Found an opulent altar of Gozag.
  7025 | D:7      | Found a snail-covered altar of Cheibriados.
  7025 | D:7      | Found a sparkling altar of Nemelex Xobeh.
  7026 | D:7      | Found a radiant altar of Vehumet.
  7101 | D:7      | Became a worshipper of Warmaster Okawaru
  7154 | D:8      | Reached XP level 10. HP: 107/115 MP: 7/10
  8258 | D:8      | Acquired Okawaru's first power
  8563 | D:9      | Found a staircase to the Lair.
  8594 | D:9      | Noticed Joseph
  8925 | D:9      | Reached skill level 14 in Maces & Flails
  9483 | D:9      | Killed Joseph
 10115 | D:10     | Entered Level 10 of the Dungeon
 10415 | D:10     | Reached XP level 11. HP: 118/128 MP: 11/11
 10438 | D:10     | Reached skill level 10 in Fighting
 10791 | D:10     | Noticed an unseen horror
 10792 | D:10     | Killed an unseen horror
 10792 | D:10     | Reached skill level 15 in Maces & Flails
 11449 | D:11     | Received a gift from Okawaru
 11832 | D:11     | Got a bone war axe
 11833 | D:11     | Identified the +5 war axe "Tatranor" {drain, rPois rN+} (You found it on level 11 of the Dungeon)
 12504 | Lair:1   | Entered Level 1 of the Lair of Beasts
 12826 | Lair:1   | Reached skill level 1 in Spellcasting
 12881 | Lair:1   | Gained mutation: You can breathe flames. [potion of mutation]
 12881 | Lair:1   | Gained mutation: Scrolls take you a little longer to read. [potion of mutation]
 12881 | Lair:1   | Gained mutation: Armour fits poorly on your strangely shaped body. [potion of mutation]
 13988 | Lair:2   | Noticed Urug
 13990 | Lair:2   | Noticed Erica
 14011 | Lair:2   | Killed Urug
 14011 | Lair:2   | Reached skill level 16 in Maces & Flails
 14026 | Lair:2   | Killed Erica
 14026 | Lair:2   | Received a gift from Okawaru
 14291 | Lair:2   | Reached XP level 12. HP: 106/143 MP: 14/17
 14432 | Lair:2   | Noticed an eight-headed hydra
 14449 | Lair:2   | Killed an eight-headed hydra
 14449 | Lair:2   | Received a gift from Okawaru
 14545 | Lair:2   | Noticed Nergalle
 14610 | Lair:2   | Killed Nergalle
 14841 | Lair:3   | Received a gift from Okawaru
 14841 | Lair:3   | Acquired Okawaru's second power
 14841 | Lair:3   | Reached skill level 17 in Maces & Flails
 14841 | Lair:3   | Reached skill level 5 in Shields
 14946 | Lair:3   | Noticed a six-headed hydra
 14956 | Lair:3   | Killed a six-headed hydra
 14959 | Lair:3   | Received a gift from Okawaru
 14975 | Lair:3   | Reached skill level 5 in Spellcasting
 15207 | Lair:3   | Noticed a catoblepas
 15239 | Lair:3   | Killed a catoblepas
 15300 | Lair:3   | Learned a level 2 spell: Swiftness
 15303 | Lair:3   | Learned a level 2 spell: Repel Missiles
 15306 | Lair:3   | Learned a level 2 spell: Stoneskin
 15351 | Lair:3   | Received a gift from Okawaru
 15629 | Lair:3   | Received a gift from Okawaru
 16157 | Lair:4   | Reached skill level 18 in Maces & Flails
 16162 | Lair:4   | Noticed a death yak
 16178 | Lair:3   | Killed a death yak
 16178 | Lair:3   | Received a gift from Okawaru
 16189 | Lair:4   | Reached XP level 13. HP: 76/155 MP: 11/22
 16310 | Lair:4   | Found a dark tunnel.
 16604 | Lair:4   | Received a gift from Okawaru
 16877 | Lair:4   | Reached skill level 1 in Armour
 16989 | Lair:4   | Received a gift from Okawaru
 18085 | Lair:6   | Noticed Chiseanne's ghost (powerful HEMo)
 18191 | Lair:6   | Noticed Rupert
 18200 | Lair:6   | Killed Rupert
 18870 | Lair:6   | Found a viscous altar of Jiyva.
 18871 | Lair:6   | Found a staircase to the Slime Pits.
 18949 | Lair:6   | Found a staircase to the Snake Pit.
 19331 | D:12     | Found a staircase to the Orcish Mines.
 19344 | D:12     | Noticed Erolcha
 19360 | D:12     | Killed Erolcha
 19360 | D:12     | Received a gift from Okawaru
 19397 | D:12     | Noticed Snorg
 19413 | D:12     | Slain by Snorg

Inventory:

Hand weapons
 e - a +0 morningstar
   (You took it off an orc on level 3 of the Dungeon)
 v - a cursed +0 blowgun
   (You took it off a kobold on level 7 of the Dungeon)
 D - a +2 morningstar (weapon)
   (You took it off a wight on level 6 of the Dungeon)
Missiles
 h - 466 stones
 s - 97 poisoned needles
 y - 6 curare-tipped needles
 K - 6 javelins
 L - 12 javelins of penetration
 O - 8 large rocks (quivered)
 T - 8 poisoned javelins
Armour
 c - a +1 shield (worn)
 t - a +0 robe (worn)
   (You took it off Sigmund on level 3 of the Dungeon)
 R - a +2 cloak of invisibility (worn)
   (Okawaru gifted it to you on level 4 of the Lair of Beasts)
Jewellery
 m - a ring of poison resistance (right hand)
   (You took it off a hobgoblin on level 4 of the Dungeon)
 n - an uncursed amulet of faith
   (You found it on level 1 of the Dungeon)
 x - an amulet of guardian spirit (around neck)
   (You found it on level 3 of the Dungeon)
 G - a ring of see invisible (left hand)
   (You found it on level 4 of the Lair of Beasts)
 S - an uncursed ring of invisibility
   (You found it on level 6 of the Lair of Beasts)
Magical devices
 d - a wand of teleportation (4)
   (You took it off Erica on level 2 of the Lair of Beasts)
 C - a wand of lightning (10)
   (You found it on level 6 of the Dungeon)
 N - a wand of disintegration (13)
   (You found it on level 4 of the Lair of Beasts)
 P - a wand of teleportation (6)
   (You found it on level 6 of the Lair of Beasts)
Scrolls
 g - 9 scrolls of teleportation
 i - 3 scrolls of remove curse
 u - 3 scrolls of amnesia
 E - 7 scrolls of identify
 J - a scroll of magic mapping
Potions
 j - 6 potions of curing
 l - 2 potions of flight
 p - a potion of resistance
 r - 3 potions of brilliance
 w - a potion of agility
 U - 2 potions of berserk rage
 X - a potion of haste
Comestibles
 a - 9 chunks of flesh
 o - 12 fruits
 z - 9 bread rations

Table legend:
 A = Turns spent in this place as a percentage of turns spent in the entire game.
 B = Non-inter-level travel turns spent in this place as a percentage of non-inter-level travel turns spent in the entire game.
 C = Inter-level travel turns spent in this place as a percentage of turns spent in this place.
 D = Turns resting spent in this place as a percentage of non-inter-level travel turns spent in this place.
 E = Turns spent auto-exploring this place as a percentage of non-inter-level travel turns spent in this place.
 F = Non-inter-level travel turns spent in this place divided by the number of levels of this place that you've seen.
                   A       B       C       D       E      F
               +-------+-------+-------+-------+-------+----------------------
         Total | 100.0 | 100.0 |   0.5 |   2.4 |   5.8 | 321.1
       Dungeon |  62.9 |  62.9 |   0.5 |   3.0 |   6.4 | 336.7
        Temple |   0.7 |   0.7 |   0.0 |   4.2 |   4.2 |  48.0
          Lair |  36.0 |  36.0 |   0.5 |   1.2 |   4.9 | 385.3
       Ossuary |   0.3 |   0.3 |   0.0 |   0.0 |   0.0 |  22.0
               +-------+-------+-------+-------+-------+----------------------


   Skills:
 + Level 13.5 Fighting
 - Level 18.4 Maces & Flails
 - Level 8.4 Throwing
 * Level 3.8 Armour
 - Level 4.7 Dodging
 * Level 8.0 Shields
 + Level 7.6 Spellcasting


You had 21 spell levels left.
You knew the following spells:

 Your Spells              Type           Power        Failure   Level  Hunger
a - Swiftness             Chrm/Air       #.......     34%         2    #......
b - Repel Missiles        Chrm/Air       #.....       34%         2    #......
c - Stoneskin             Trmt/Erth      #.......     34%         2    #......


Dungeon Overview and Level Annotations

Branches:
Dungeon (12/15)            Temple (1/1) D:4            Lair (6/8) D:9
  Snake (0/4) Lair:6        Slime (0/6) Lair:6          Orc (0/4) D:12
  Swamp: Lair:3-6    Shoals: Lair:3-6

Altars:
Ashenzari
Cheibriados
Dithmenos
Elyvilon
Fedhas
Gozag
Kikubaaqudgha
Makhleb
Nemelex Xobeh
Okawaru
Qazlal
Ru
Sif Muna
Trog
Vehumet
Xom
Yredelemnul
Zin
The Shining One
Jiyva

Annotations:
D:7 Garrluk's ghost, experienced DEFE
D:12 Snorg
Lair:3 exclusion: ice statue
Lair:5 exclusion: oklob plant
Lair:6 Chiseanne's ghost, powerful HEMo


Innate Abilities, Weirdness & Mutations

You are too large for most types of armour.
You have tough skin (AC +1).
Scrolls take you a little longer to read.
You can breathe flames.
Armour fits poorly on your strangely shaped body.
You are robust (+10% HP).


Message History

You block Snorg's attack. Snorg claws you.
* * * LOW HITPOINT WARNING * * *
Snorg claws you.
* * * LOW HITPOINT WARNING * * *
You puncture Snorg!
Snorg is almost dead.
Snorg bites you!!
* * * LOW HITPOINT WARNING * * *
Snorg closely misses you. You block Snorg's attack.
Drink which item? (? for menu, Esc to quit)
Okay, then.
Read which item? (? for menu, Esc to quit)
Okay, then.
Drink which item? (? for menu, Esc to quit)
You feel better. Snorg bites you!
* * * LOW HITPOINT WARNING * * *
You block Snorg's attack. Snorg closely misses you. Snorg bites you.
* * * LOW HITPOINT WARNING * * *
Snorg claws you!
You die...

.>.#
#)#######
####....#
##.......#
z.<.....#
#..#..###.
......###
#.#..##..
......#
##.###..##
.5......
#..)..##.#..
..........
#....##.#...
..........
##........#
.....$....
###...###.
######....
#)#..##.###
#@Tg>...(..
####(.(##.#
#.## ..# #T.
##. #


You could see Snorg (berserk) and a goblin.

Table legend:
 A = Kills in this place as a percentage of kills in entire the game.
 B = Kills by you in this place as a percentage of kills by you in the entire game.
 C = Kills by friends in this place as a percentage of kills by friends in the entire game.
 D = Other kills in this place as a percentage of other kills in the entire game.
 E = Experience gained in this place as a percentage of experience gained in the entire game.
 F = Experience gained in this place divided by the number of levels of this place that you have seen.
                   A       B       C       D       E      F
               +-------+-------+-------+-------+-------+----------------------
         Total | 100.0 | 100.0 |  -nan | 100.0 | 100.0 | 2535.4
       Dungeon |  68.7 |  68.7 |  -nan | 100.0 |  30.8 | 1301.0
        Temple |   0.4 |   0.4 |  -nan |   0.0 |   0.0 |   6.0
          Lair |  30.3 |  30.3 |  -nan |   0.0 |  69.2 | 5847.0
       Ossuary |   0.6 |   0.6 |  -nan |   0.0 |   0.0 |   8.0
               +-------+-------+-------+-------+-------+----------------------

Vanquished Creatures
  Monster Symbol All '5' Grinder (D:3)
  4 crimson imps
  2 shadow imps
  2 white imps (Lair:3)
9 creatures vanquished. All ';' An electric eel (D:10)
1 creature vanquished. All '@' Rupert (Lair:6) Erica (Lair:2) Joseph (D:9) Sigmund (D:3) Eustachio (D:5) Terence (D:3)
6 creatures vanquished. All 'B' A boulder beetle (Lair:4)
1 creature vanquished. All 'C' A cyclops (D:11)
1 creature vanquished. All 'D' 2 hydras A mottled dragon (D:10) A steam dragon (Lair:3)
4 creatures vanquished. All 'F' 9 spiny frogs 4 blink frogs (Lair:2) 11 giant frogs
24 creatures vanquished. All 'H' 8 hippogriffs
8 creatures vanquished. All 'J' 4 jellies An ooze (D:1)
5 creatures vanquished. All 'K' Pikel (D:7) 3 big kobolds 27 kobolds
31 creatures vanquished. All 'O' Erolcha (D:12) 3 ogres
4 creatures vanquished. All 'P' A plant (Lair:6)
1 creature vanquished. All 'S' 7 black mambas 13 water moccasins 11 adders A ball python (D:2)
32 creatures vanquished. All 'W' A freezing wraith (Lair:3) 3 phantoms
4 creatures vanquished. All 'Y' A catoblepas (Lair:3) A death yak (Lair:3) 5 elephants (Lair:4) 20 yaks 2 sky beasts 9 ice beasts 18 sheep
56 creatures vanquished. All 'Z' A wasp zombie (D:8) 2 centaur zombies A giant frog zombie (D:8) 4 giant frog skeletons A centaur skeleton (D:8) A hound zombie (D:11) A hound skeleton (D:10) 2 worker ant zombies (D:10) 2 adder zombies 2 bat skeletons A jackal zombie (Ossuary) An orc zombie (Ossuary) A quokka skeleton (D:8) 2 quokka zombies (D:7)
22 creatures vanquished. All 'a' 8 worker ants
8 creatures vanquished. All 'b' 12 bats
12 creatures vanquished. All 'c' 4 centaurs
4 creatures vanquished. All 'g' A gnoll shaman (D:8) 6 gnolls (D:8) 17 goblins 26 hobgoblins
50 creatures vanquished. All 'h' 6 polar bears (Lair:3) 6 wolves A black bear (D:10) 4 hounds Natasha (thrice) (D:4) 16 jackals
36 creatures vanquished. All 'k' 2 fire drakes
2 creatures vanquished. All 'l' 4 komodo dragons A basilisk (Lair:3) 3 wyverns 15 iguanas 4 giant geckos 2 giant newts
29 creatures vanquished. All 'n' 3 necrophages
3 creatures vanquished. All 'o' Urug (Lair:2) Nergalle (Lair:2) 6 orc warriors 10 orc priests 11 orc wizards 40 orcs
69 creatures vanquished. All 'p' 4 slaves (D:7)
4 creatures vanquished. All 'r' 6 porcupines 15 river rats 4 quokkas 24 rats
49 creatures vanquished. All 's' 2 scorpions 4 giant cockroaches
6 creatures vanquished. All 't' 4 crocodiles
4 creatures vanquished. All 'u' 2 ugly things (D:11)
2 creatures vanquished. All 'w' A torpor snail (Lair:4) 6 worms
7 creatures vanquished. All 'x' An unseen horror (D:10)
1 creature vanquished. All 'y' 3 killer bees (D:8)
3 creatures vanquished. All 'z' 9 wights
9 creatures vanquished.
507 creatures vanquished. Monster Nature Uniques Rupert (Lair:6) Erolcha (D:12) Erica (Lair:2) Urug (Lair:2) Nergalle (Lair:2) Pikel (D:7) Joseph (D:9) Grinder (D:3) Sigmund (D:3) Eustachio (D:5) Terence (D:3) Natasha (thrice) (D:4)
14 creatures vanquished. Natural Monsters 2 hydras A catoblepas (Lair:3) A death yak (Lair:3) An unseen horror (D:10) 2 ugly things (D:11) 5 elephants (Lair:4) 7 black mambas A cyclops (D:11) A torpor snail (Lair:4) 9 spiny frogs 4 komodo dragons 2 fire drakes 6 polar bears (Lair:3) 4 blink frogs (Lair:2) A boulder beetle (Lair:4) 20 yaks A basilisk (Lair:3) 3 wyverns 8 hippogriffs 3 ogres A mottled dragon (D:10) A steam dragon (Lair:3) 6 wolves 6 porcupines 13 water moccasins 2 sky beasts A black bear (D:10) 6 orc warriors 4 slaves (D:7) 4 centaurs 9 ice beasts 4 crocodiles 3 big kobolds 11 giant frogs 3 killer bees (D:8) 2 scorpions An electric eel (D:10) 4 jellies 10 orc priests 4 hounds 15 iguanas A gnoll shaman (D:8) 11 orc wizards 18 sheep 8 worker ants 11 adders 6 gnolls (D:8) 15 river rats An ooze (D:1) 6 worms 4 giant geckos 40 orcs A ball python (D:2) 4 giant cockroaches 17 goblins 26 hobgoblins 16 jackals 27 kobolds 4 quokkas 12 bats 2 giant newts 24 rats
446 creatures vanquished. Undead Monsters A freezing wraith (Lair:3) 3 necrophages 3 phantoms 9 wights A wasp zombie (D:8) 2 centaur zombies A giant frog zombie (D:8) 4 giant frog skeletons A centaur skeleton (D:8) A hound zombie (D:11) A hound skeleton (D:10) 2 worker ant zombies (D:10) 2 adder zombies 2 bat skeletons A jackal zombie (Ossuary) An orc zombie (Ossuary) A quokka skeleton (D:8) 2 quokka zombies (D:7)
38 creatures vanquished. Demonic Monsters 4 crimson imps 2 shadow imps 2 white imps (Lair:3)
8 creatures vanquished. Plants A plant (Lair:6)
1 creature vanquished.
507 creatures vanquished. Ascending Order Rupert (Lair:6) A catoblepas (Lair:3) Erolcha (D:12) Erica (Lair:2) A death yak (Lair:3) Urug (Lair:2) Nergalle (Lair:2) An unseen horror (D:10) Pikel (D:7) Joseph (D:9) A cyclops (D:11) A torpor snail (Lair:4) A freezing wraith (Lair:3) Grinder (D:3) A boulder beetle (Lair:4) Sigmund (D:3) A basilisk (Lair:3) Eustachio (D:5) A mottled dragon (D:10) A steam dragon (Lair:3) A black bear (D:10) An electric eel (D:10) A wasp zombie (D:8) A giant frog zombie (D:8) A gnoll shaman (D:8) A centaur skeleton (D:8) Terence (D:3) A hound zombie (D:11) A hound skeleton (D:10) An ooze (D:1) A ball python (D:2) A jackal zombie (Ossuary) A quokka skeleton (D:8) An orc zombie (Ossuary) A plant (Lair:6) 2 hydras 2 ugly things (D:11) 2 fire drakes 2 sky beasts 2 scorpions 2 centaur zombies 2 worker ant zombies (D:10) 2 shadow imps 2 white imps (Lair:3) 2 adder zombies 2 bat skeletons 2 quokka zombies (D:7) 2 giant newts 3 wyverns 3 ogres 3 phantoms 3 necrophages 3 big kobolds 3 killer bees (D:8) Natasha (thrice) (D:4) 4 komodo dragons 4 blink frogs (Lair:2) 4 slaves (D:7) 4 centaurs 4 crocodiles 4 crimson imps 4 jellies 4 hounds 4 giant frog skeletons 4 giant geckos 4 quokkas 4 giant cockroaches 5 elephants (Lair:4) 6 polar bears (Lair:3) 6 wolves 6 porcupines 6 orc warriors 6 gnolls (D:8) 6 worms 7 black mambas 8 hippogriffs 8 worker ants 9 spiny frogs 9 ice beasts 9 wights 10 orc priests 11 giant frogs 11 orc wizards 11 adders 12 bats 13 water moccasins 15 iguanas 15 river rats 16 jackals 17 goblins 18 sheep 20 yaks 24 rats 26 hobgoblins 27 kobolds 40 orcs
507 creatures vanquished.

Action                   |  1- 3 |  4- 6 |  7- 9 | 10-12 | 13-15 || total
-------------------------+-------+-------+-------+-------+-------++-------
Melee: Flail             |   118 |    98 |   122 |       |       ||   338
       Mace              |       |       |   154 |       |       ||   154
       Morningstar       |       |       |   156 |   735 |   333 ||  1224
Throw: Tomahawk          |     2 |     3 |    18 |    30 |     1 ||    54
       Stone             |       |       |     6 |       |       ||     6
       Large rock        |       |       |       |    72 |    82 ||   154
       Javelin           |       |       |       |    22 |     4 ||    26
Invok: Heroism           |       |       |       |     5 |     1 ||     6
  Use: Potion            |       |     2 |    12 |     8 |     2 ||    24
       Scroll            |       |       |    13 |     3 |     3 ||    19
  Eat: Bread ration      |     2 |       |       |       |       ||     2
       Chunk             |       |       |    12 |    29 |    11 ||    52
       Fruit             |       |       |       |     1 |       ||     1
